 Dungeon Crawl Stone Soup version 0.21.0-3-g78d12a8 (webtiles) character file.

126 ponchio the Skirmisher (level 5, -4/34 HPs)
             Began as a Gargoyle Fighter on Jan 15, 2018.
             Slain by an ogre
             ... wielding a +0 giant spiked club
              (12 damage)
             ... on level 3 of the Dungeon on Jan 16, 2018.
             The game lasted 00:08:13 (1682 turns).

ponchio the Skirmisher (Gargoyle Fighter)           Turns: 1682, Time: 00:08:14

Health: -4/34      AC:  9    Str: 18 (19) XL:     5   Next: 10%
Magic:  5/5        EV:  8    Int:  6 (9)  God:
Gold:   152        SH:  8    Dex:  9 (10) Spells: 4/4 levels left

rFire    . . .     SeeInvis .   a - +0 flail
rCold    . . .     Gourm    .   c - +0 shield
rNeg     + . .     Faith    .   l - +0 ring mail
rPois    ∞         Spirit   .   (no helmet)
rElec    +         Reflect  .   (no cloak)
rCorr    .         Harm     .   (no gloves)
MR       .....                  (no boots)
Stlth    ..........             (no amulet)
HPRegen  0.11/turn              (no ring)
MPRegen  0.09/turn              (no ring)

@: hasted, invisible, very quick
A: negative energy resistance 1, electricity resistance, unbreathing,
petrification resistance, rot immunity, AC +4
a: no special abilities


You were on level 3 of the Dungeon.
You were not hungry.

You visited 1 branch of the dungeon, and saw 3 of its levels.

You collected 152 gold pieces.

Inventory:

Hand Weapons
 a - a +0 flail (weapon)
Missiles
 q - 2 javelins of penetration (quivered)
Armour
 b - a +0 scale mail
 c - a +0 shield (worn)
 l - a +0 ring mail (worn)
Scrolls
 j - 5 scrolls of teleportation {unknown}
 m - a scroll of magic mapping {unknown}
 n - a scroll of blinking {unknown}
 o - a scroll of random uselessness {unknown}
 p - a scroll of remove curse {unknown}
 r - a scroll of identify {unknown}
Potions
 d - 3 potions of might
 h - a potion of curing {unknown}
 i - a potion of mutation {unknown}
 k - a potion of degeneration
Comestibles
 f - 7 rations
 s - 2 chunks of flesh


   Skills:
 + Level 4.9 Fighting
 + Level 3.8 Maces & Flails
 - Level 3.3 Armour
 - Level 3.3 Shields


You had 4 spell levels left.
You didn't know any spells.

Dungeon Overview and Level Annotations

Branches:
Dungeon (3/15)

Altars:

Annotations:
D:2 Robin


Innate Abilities, Weirdness & Mutations

You are resistant to torment.
Your stone body is resilient. (AC +4)
You are immune to poison.
You resist negative energy. (rN+)
You are resistant to electric shocks. (rElec)
You can survive without breathing.
You are immune to petrification.
You are immune to rotting.


Message History

The ogre hits you with a giant spiked club!
You hit the ogre.
The ogre is heavily wounded.
The ogre barely misses you.
You hit the ogre but do no damage.
The ogre is heavily wounded.
The ogre barely misses you.
You closely miss the ogre.
The ogre is heavily wounded.
The ogre hits you with a giant spiked club!
* * * LOW HITPOINT WARNING * * *
It was a potion of degeneration.
There was something very wrong with that liquid.
You feel weakened.
You feel dopey.
You feel clumsy. You block the ogre's attack.
It was a potion of haste.
You feel yourself speed up.
It was a potion of invisibility.
You fade into invisibility!
The ogre hits you with a giant spiked club!
You die...

#. ..#### #.#
....(#
###..##.#...(
##.....#.....(
##.%...........
#..............
#..?....O......
#......@.......
#.........<....
#..............
#..............
##.............
##............
#####........
#........


You could see an ogre.

Vanquished Creatures
  3 gnolls
  2 adders (D:2)
  2 oozes
  A worm (D:2)
  3 leopard geckos (D:2)
  2 ball pythons
  3 bats
  3 giant cockroaches
  13 goblins
  7 hobgoblins
  8 jackals
  6 kobolds
  A frilled lizard (D:1)
  3 rats
57 creatures vanquished.

Notes
Turn   | Place    | Note
-------+----------+-------------------------------------------
     0 | D:1      | ponchio the Gargoyle Fighter began the quest for the Orb.
     0 | D:1      | Reached XP level 1. HP: 14/14 MP: 1/1
   122 | D:1      | Reached XP level 2. HP: 19/19 MP: 2/2
   335 | D:1      | Reached XP level 3. HP: 21/24 MP: 3/3
   336 | D:1      | Reached skill level 4 in Fighting
   754 | D:2      | Reached XP level 4. HP: 29/29 MP: 4/4
   873 | D:2      | Noticed Robin
   970 | D:2      | Found a faded altar of an unknown god.
  1403 | D:2      | Reached XP level 5. HP: 31/34 MP: 5/5
  1672 | D:3      | Noticed an ogre
  1682 | D:3      | Slain by an ogre

Skill      XL: |  1  2  3 |
---------------+----------+-----
Fighting       | 4 |  4.9
Maces & Flails | 3 |  3.8
Armour         | |  3.3
Shields        | |  3.3

Action                   |  1- 3 |  4- 6 || total
-------------------------+-------+-------++-------
Melee: Flail             |   116 |    92 ||   208
Throw: Javelin           |       |     3 ||     3
  Use: Potion            |       |     3 ||     3
  Eat: Chunk             |       |     3 ||     3
Armor: Scale mail        |    42 |       ||    42
       Ring mail         |    26 |    45 ||    71
Dodge: Dodged            |    56 |    28 ||    84
Block: Shield            |    80 |    41 ||   121
